 Dungeon Crawl Stone Soup version 0.18.1-8-gdd0e5ea (webtiles) character file.

25 Metae the Ducker (level 2, -3/27 HPs)
             Began as a Troll Warper on May 27, 2016.
             Slain by Natasha (8 damage)
             ... on level 2 of the Dungeon.
             The game lasted 00:10:41 (1332 turns).

Metae the Ducker (Troll Warper)                     Turns: 1332, Time: 00:10:41

Health: -3/27      AC:  5    Str: 18    XL:     2   Next: 86%
Magic:  3/3        EV: 10    Int:  9    God:
Gold:   37         SH:  0    Dex:  9    Spells: 1 memorised, 2 levels left

rFire  . . .     SeeInvis .     a - +0 falchion
rCold  . . .     Gourm    +     k - +0 robe (curse)
rNeg   . . .     Faith    .     (no shield)
rPois  .         Spirit   .     (helmet restricted)
rElec  .         Dismiss  .     (no cloak)
rCorr  .         Reflect  .     (gloves unavailable)
SustAt .         Harm     .     (boots unavailable)
MR     .....                    (no amulet)
Stlth  +.........               (no ring)
                                (no ring)

@: not resistant to hostile enchantments, very unstealthy
A: unfitting armour, claws 3, fast metabolism 3, gourmand, regeneration 2,
shaggy fur 1, tough skin 2
a: no special abilities


You were on level 2 of the Dungeon.
You were not hungry.

You visited 1 branch of the dungeon, and saw 2 of its levels.

You collected 37 gold pieces.

Inventory:

Hand Weapons
 a - a +0 falchion (weapon)
 g - a +0 hunting sling
Missiles
 e - 5 tomahawks of dispersal (quivered)
 m - 3 needles of paralysis
Armour
 b - a +0 robe
 h - a +0 ring mail
 k - a cursed +0 robe (worn)
 l - a +0 chain mail
Jewellery
 j - an uncursed ring of protection from magic {unknown}
Scrolls
 d - a scroll of blinking
 f - a scroll of enchant weapon {unknown}
 i - a scroll of remove curse {unknown}
 n - a scroll of noise {unknown}
Books
 c - a book of Spatial Translocations

   Spells                             Type                      Level
   a - Apportation                    Translocation                1
   b - Blink                          Translocation                2
   c - Shroud of Golubria             Charms/Translocation         2
   d - Portal Projectile              Translocation                3
   e - Teleport Other                 Translocation                3
   f - Passage of Golubria            Translocation                4


   Skills:
 + Level 1.6 Fighting
 + Level 1.8 Long Blades
 + Level 0.8 Throwing
 + Level 2.5 Dodging
 + Level 1.4 Spellcasting
 + Level 2.3 Translocations


You had 2 spell levels left.
You knew the following spells:

 Your Spells              Type           Power        Failure   Level  Hunger
a - Apportation           Tloc           #.........   14%         1    ##.....


Dungeon Overview and Level Annotations

Branches:
Dungeon (2/15)

Altars:

Annotations:
D:2 Natasha


Innate Abilities, Weirdness & Mutations

You are too large for most types of armour.
You have claws for hands.
Your metabolism is lightning-fast.
You like to eat raw meat.
You heal very quickly.
You are covered in fur (AC +1).
You have very tough skin (AC +2).


Message History

* * * LOW HITPOINT WARNING * * *
The crimson imp blinks! x2
Natasha stares at you and mumbles some strange words.
You resist with significant effort. The iron imp hits you.
* * * LOW HITPOINT WARNING * * *
Memorise Blink, consuming 2 spell levels and leaving 0?
Okay, then.
Sorry, you're not good enough to have a special ability.
Casting: Apportation
Confirm with . or Enter, or press ? or * to list all spells.
Okay, then.
Memorise Blink, consuming 2 spell levels and leaving 0?
Natasha claws you.
Your memorisation is interrupted.
* * * LOW HITPOINT WARNING * * *
The crimson imp misses you. Natasha barely misses you.
The crimson imp blinks!
The iron imp barely misses you.
The iron imp shouts, "Despair, thou quaking weather-bitten efter!"
The iron imp hits you but does no damage.
Natasha claws you!
You die...

...# ##..#
....# ..5# #..#
#..# #5.#
######5h#
#.....@.#
#.####..# # #.#
#..# #. #. #.#
#..#
#.##.##.####..#
#.............#
.............##
####.##.######
###.##.#


You could see an iron imp, Natasha and 2 crimson imps.

Vanquished Creatures
  A giant gecko (D:2)
  5 goblins (D:1)
  3 hobgoblins (D:1)
  7 bats
  5 kobolds (D:1)
  5 rats (D:1)
26 creatures vanquished.

Notes
Turn   | Place    | Note
--------------------------------------------------------------
     0 | D:1      | Metae the Troll Warper began the quest for the Orb.
     0 | D:1      | Reached XP level 1. HP: 19/19 MP: 1/1
   361 | D:1      | Reached XP level 2. HP: 27/27 MP: 3/3
  1321 | D:2      | Noticed Natasha
  1324 | D:2      | Noticed a crimson imp
  1328 | D:2      | Noticed a crimson imp
  1332 | D:2      | Slain by Natasha

Skill      XL: |  1 |
---------------+----+-----
Dodging        | 2 |  2.5
Fighting       | |  1.6
Long Blades    | |  1.8
Throwing       | |  0.8
Spellcasting   | |  1.4
Translocations | |  2.3

Action                   || total
-------------------------++-------
Melee: Falchion          ||   103
  Eat: Bread ration      ||     2
       Chunk             ||     1
Armor: Robe              ||   122
Dodge: Dodged            ||   110
